 Dungeon Crawl Stone Soup version 0.24.0-13-gcf9b3192b9 (webtiles) character file.

Game seed: 8078604697810235319, levelgen mode: deterministic

158 Esekla the Sneak (level 5, -2/42 HPs)
             Began as a Formicid Assassin on Nov 8, 2019.
             Was an Initiate of Dithmenos.
             Slain by a black bear (4 damage)
             ... on level 7 of the Dungeon.
             The game lasted 00:21:18 (3221 turns).

Esekla the Sneak (Formicid Assassin)                Turns: 3221, Time: 00:21:19

Health: -2/42      AC:  3    Str: 22    XL:     5   Next: 67%
Magic:  5/5        EV: 12    Int: 10    God:    Dithmenos [......]
Gold:   233        SH:  0    Dex: 12    Spells: 4/4 levels left

rFire    . . .     SeeInvis +   a - +2 dagger
rCold    . . .     Gourm    .   (no shield)
rNeg     . . .     Faith    .   b - +0 robe
rPois    .         Spirit   .   (helmet unavailable)
rElec    .         Reflect  .   c - +0 cloak
rCorr    .         Harm     .   (no gloves)
MR       .....                  (no boots)
Stlth    +++.......             w - amulet of the acrobat
HPRegen  0.14/turn              (no ring)
MPRegen  0.09/turn              (no ring)

@: mighty
A: permanent stasis, dig shafts and tunnels, four strong arms, antennae 3
a: Dig, Shaft Self, Renounce Religion


You were on level 7 of the Dungeon.
You worshipped Dithmenos.
Dithmenos was noncommittal.
You were hungry.

You visited 1 branch of the dungeon, and saw 5 of its levels.

You collected 233 gold pieces.

Inventory:

Hand Weapons
 a - a +2 dagger (weapon)
 p - a +0 hand axe
Missiles
 d - 9 poisoned darts (quivered)
 e - 2 curare-tipped darts
 r - 2 datura-tipped darts
Armour
 b - a +0 robe (worn)
 c - a +0 cloak (worn)
Jewellery
 w - an amulet of the acrobat (around neck)
Wands
 i - a wand of iceblast (7)
Scrolls
 h - 4 scrolls of teleportation {unknown}
 j - 7 scrolls of remove curse
 k - a scroll of noise {unknown}
 s - a scroll of immolation {unknown}
 t - a scroll of enchant weapon {unknown}
 u - a scroll of enchant armour {unknown}
Potions
 g - a potion of brilliance {unknown}
 m - 2 potions of flight
 n - a potion of heal wounds
 o - 2 potions of resistance
 q - a potion of berserk rage {unknown}
Comestibles
 f - 6 rations


   Skills:
 * Level 4.1 Fighting
 * Level 4.0 Short Blades
 - Level 2.0 Throwing
 + Level 1.5 Dodging
 - Level 4.8 Stealth


You had 4 spell levels left.
You didn't know any spells.
Your spell library was empty.

Dungeon Overview and Level Annotations

Branches:
Dungeon (4/15)
 Temple: D:4-7

Altars:
Cheibriados
Dithmenos
Gozag
Sif Muna
Xom


Innate Abilities, Weirdness & Mutations

You cannot be hasted, slowed, berserked, paralysed or teleported.
You can dig through walls and to a lower floor.
Your four strong arms can wield two-handed weapons with a shield.
You have a pair of large antennae on your head. (SInv)


Message History

The black bear goes berserk!
You completely miss the black bear.
The black bear is almost dead.
The black bear misses you. The black bear claws you.
* * * LOW HITPOINT WARNING * * *
The black bear misses you.
You barely miss the black bear.
The black bear is almost dead.
The black bear bites you.
* * * LOW HITPOINT WARNING * * *
The black bear misses you. The black bear barely misses you. x2
The black bear claws you.
* * * LOW HITPOINT WARNING * * *
The black bear barely misses you.
You closely miss the black bear.
The black bear is almost dead.
The black bear bites you.
* * * LOW HITPOINT WARNING * * *
The black bear claws you.
You die...

##........S.##
##............#.
#...............
#...............
#...............
#..............#
#:......(......#
##............##
###@.........##
##.h.####.#####
#..### ..# #.##
..# ##.# =.#
#..# .# #.## $..
#...


You could see a black bear (berserk).

Vanquished Creatures
  An iguana (D:4)
  2 gnolls
  3 adders
  An ooze (D:2)
  2 dart slugs (D:1)
  2 leopard geckos
  2 orcs (D:3)
  14 giant cockroaches
  9 hobgoblins
  2 jackals (D:1)
  2 ball pythons
  7 bats (D:1)
  5 frilled lizards
  3 goblins
  8 kobolds
  A leopard gecko skeleton (D:4)
  7 rats
  A butterfly (D:4)
72 creatures vanquished.

Notes
Turn   | Place    | Note
-------+----------+-------------------------------------------
     0 | D:1      | Esekla the Formicid Assassin began the quest for the Orb.
     0 | D:1      | Reached XP level 1. HP: 16/16 MP: 1/1
   113 | D:1      | Reached XP level 2. HP: 23/23 MP: 2/2
   272 | D:1      | Reached skill level 1 in Dodging
   434 | D:1      | Reached XP level 3. HP: 29/29 MP: 3/3
  1331 | D:2      | Reached XP level 4. HP: 35/35 MP: 4/4
  1481 | D:2      | Found a shimmering blue altar of Sif Muna.
  2395 | D:3      | Reached XP level 5. HP: 32/42 MP: 5/5
  2589 | D:3      | Found a shadowy altar of Dithmenos.
  2605 | D:3      | Became a worshipper of Dithmenos the Shadowed
  2704 | D:3      | Found a snail-covered altar of Cheibriados.
  2790 | D:4      | Found an opulent altar of Gozag.
  3022 | D:4      | Found a shimmering altar of Xom.
  3132 | D:4      | You fall into a shaft and drop 3 floors!
  3205 | D:7      | Noticed a black bear
  3221 | D:7      | HP: 2/42 [black bear (3)]
  3221 | D:7      | Slain by a black bear

Levels and vault maps discovered:
D:1:      lightli_arrival_statue_moat, layout_basic, serial_glass,
          glass_columns_a, glass_columns_a, glass_columns_a, glass_columns_c,
          glass_columns_b, glass_columns_c, glass_columns_a, glass_columns_c,
          due_unseen_surprise
D:2:      minmay_roachtagon, layout_basic, nicolae_overflow_crystal_walls
D:3:      layout_rooms, lemuel_coloured_pillars_altar, serial_bayou_pond_e,
          nicolae_dithmenos_through_a_glass_darkly
D:4:      layout_loops_ring, kennysheep_little_box, nicolae_gozag_seed_capital,
          lightli_temple_of_fire, xom_butterflies, first_ration, serial_forest,
          infiniplex_forest_straight_2, infiniplex_forest_clump_small,
          infiniplex_forest_lined_room_2, infiniplex_forest_lined_3,
          infiniplex_forest_lined_1, infiniplex_forest_clump_double,
          infiniplex_forest_clump_tiny, uniq_ijyb, uniq_grinder, uniq_eustachio
D:7:      layout_rooms, old_standard_altar

Skill      XL: |  1  2  3  4  5 |
---------------+----------------+-----
Dodging        | 1 |  1.5
Fighting       | 3 4 |  4.1
Short Blades   | 3 4 |  4.0
Throwing       | |  2.0
Stealth        | |  4.8

Action                   |  1- 3 |  4- 6 || total
-------------------------+-------+-------++-------
Melee: Dagger            |   115 |   144 ||   259
Throw: Dart              |    13 |     3 ||    16
 Abil: Dig               |     1 |       ||     1
       Shaft Self        |       |     1 ||     1
  Use: Scroll            |       |     6 ||     6
       Potion            |       |     2 ||     2
 Stab: Distracted        |     1 |       ||     1
       Sleeping          |     7 |     7 ||    14
  Eat: Chunk             |     1 |     6 ||     7
Armor: Robe              |    25 |    26 ||    51
Dodge: Dodged            |    54 |    61 ||   115
